cohdb
Replays
Latest Replays
All Replays
Popular Replays
Top Player Replays
Match Explorer
How It Works
Community
CoH3 Stats
Reddit
Sign in to upload your games and track your stats! →
Sign in with Steam
Match 45461763
Unlisted
Match 45461763
Overview
Messages
Build Orders
End
Kradschützen Motorcycle Team
Panzergrenadier Squad
250 Light Carrier
Panzergrenadier Squad
Construct Light Support Kompanie
Selects Italian Infantry
Selects Guastatori Squad
Selects L6/40 Light Tank Combat Group
Guastatori Squad
L6/40 Light Tank Combat Group
Panzerjäger Mechanized Group
Selects Sound the Alarm
Selects Territory Booby Traps
Selects Sound the Alarm
Fire Support Elements
Flakvierling Half-track
Vehicle Survival Package
Pak 38 Mechanized Group
2.5-tonne Medical Truck
Sparkle
Mo-J
Wheeler
K90
Dan
[Streng-Geheim]
0
0
Comments
sign in to comment!
No comments posted yet!